AoeStats
← lamlam32

Arabia

510805430Analyzed
1v1 RM · 18h ago on Oct 2, 2026· 27m 45s· 2 players
Game mode
Random Map
Map size
Tiny (2 player)
Population
200
Speed
Normal
Resources
Standard
Victory
Conquest
Starting age
Dark Age
Ending age
Imperial Age
RankedLock teamsTeams togetherTeam positionsShared explorationLock speedFull tech treeHidden civsTurbo modeCheats
Victory
Defeat
🇭🇰 Magyars · Hong Kong SAR China
1399
+18
🇦🇷 Magyars · Argentina
1434
-18
lamlam32
5:50 Loom
8:52 Feudal Age
9:32 Double-Bit Axe
18:46 Gold Mining
21:16 Castle Age
19:26 Horse Collar
19:56 Fletching
20:31 Padded Archer Armor
21:04 Bloodlines
21:59 Bodkin Arrow
24:07 Husbandry
25:47 Ballistics
Abuela rapera
5:38 Loom
8:45 Feudal Age
11:30 Double-Bit Axe
22:38 Castle Age
21:08 Scale Barding Armor
20:48 Horse Collar
21:01 Gold Mining
23:05 Bloodlines
23:53 Chain Barding Armor
25:17 Husbandry
25:37 Light Cavalry
Connection lost

Rejoining the realm…

Still unreachable

The connection could not be restored.

Session expired

The server has moved on; the page needs a fresh start.